 Dungeon Crawl Stone Soup version 0.29-a0-234-g0dae59b3db (webtiles) character file.

Game seed: 2763001065812111361

265 sammy202020 the Cudgeller (level 5, -3/48 HPs)
             Began as a Minotaur Berserker on Mar 2, 2022.
             Was a Priest of Trog.
             Slain by a gnoll
             ... wielding a +0 spear
              (4 damage)
             ... on level 3 of the Dungeon.
             The game lasted 00:04:41 (3921 turns).

sammy202020 the Cudgeller (Minotaur Berserker)      Turns: 3921, Time: 00:04:42

Health: -3/48      AC:  9    Str: 21    XL:     5   Next: 99%
Magic:  4/4        EV:  8    Int:  6    God:    Trog [***...]
Gold:   97         SH:  0    Dex: 10    Spells: 4/4 levels left

rFire   . . .      SeeInvis .   a - +0 mace
rCold   . . .      Faith    .   (no shield)
rNeg    . . .      Spirit   .   f - +0 chain mail
rPois   .          Reflect  .   (helmet restricted)
rElec   .          Harm     .   (no cloak)
rCorr   .          Rampage  .   (no gloves)
Will    +....                   (no boots)
Stlth   ..........              (no amulet)
HPRegen 0.16/turn               e - ring of willpower
MPRegen 0.09/turn               s - ring of flight

@: on berserk cooldown, flying, slowed, very slow
A: horns 2, retaliatory headbutt
a: Renounce Religion, Berserk, Trog's Hand


You were on level 3 of the Dungeon.
You worshipped Trog.
Trog was most pleased with you.
You visited 1 branch of the dungeon, and saw 3 of its levels.

You collected 97 gold pieces.

Inventory:

Hand Weapons
 a - a +0 mace (weapon)
Armour
 f - a +0 chain mail (worn)
Jewellery
 e - a ring of willpower (left hand)
 r - a ring of willpower
 s - a ring of flight (right hand)
Scrolls
 b - a scroll of teleportation {unknown}
 c - a scroll of blinking {unknown}
 d - 2 scrolls of enchant weapon {unknown}
 g - a scroll of summoning {unknown}
 k - a scroll of silence {unknown}
 l - a scroll of amnesia {unknown}
 m - a scroll of noise {unknown}
 o - 2 scrolls of identify {unknown}
 p - 2 scrolls of fog {unknown}
 t - 2 scrolls of fear {unknown}
Potions
 h - a potion of curing {unknown}
 i - a potion of brilliance {unknown}
 j - a potion of flight {unknown}
 n - a potion of mutation {unknown}
 q - a potion of resistance {unknown}
 u - a potion of magic {unknown}


   Skills:
 + Level 5.1 Fighting
 + Level 5.1 Maces & Flails
 + Level 4.2 Armour
 + Level 3.9 Dodging


You had 4 spell levels left.
You didn't know any spells.
Your spell library was empty.

Dungeon Overview and Level Annotations

Branches:
Dungeon (3/15)

Altars:


Innate Abilities, Weirdness & Mutations

You have a pair of horns on your head.
You reflexively headbutt those who attack you in melee.


Message History

Things that are here:
a +0 club; a hobgoblin corpse You hit the gnoll.
The gnoll is heavily wounded.
The gnoll closely misses you. The gnoll hits you but does no damage.
The hobgoblin barely misses you. You furiously retaliate!
You headbutt the hobgoblin!
You kill the hobgoblin!
Trog accepts your kill. The gnoll barely misses you. You furiously retaliate!
You headbutt the gnoll!
The gnoll hits you from afar with a +0 spear.
* * * LOW HITPOINT WARNING * * *
You thump the gnoll!
You kill the gnoll!
Trog accepts your kill. The gnoll hits you but does no damage.
Your skin stops crawling.
You feel less strong-willed.
You feel a strong urge to attack something.
You feel your anger nearly subside.
You are no longer berserk.
You are exhausted.
You feel yourself slow down. The gnoll hits you but does no damage.
You see here a +0 club.
The gnoll hits you from afar with a +0 spear.
* * * LOW HITPOINT WARNING * * *
Things that are here:
a +0 club; a +0 club The gnoll hits you but does no damage.
The goblin hits you but does no damage. The gnoll barely misses you.
The goblin hits you with a +0 club.
* * * LOW HITPOINT WARNING * * *
The gnoll hits you from afar with a +0 spear.
* * * LOW HITPOINT WARNING * * *
There is an open door here.
You see here an adder corpse.
Okay, then.
Okay, then.
The hobgoblin barely misses you. The gnoll hits you but does no damage.
The gnoll hits you with a +0 spear.
You die...

##############################
.)#)......#....#.......#.....## #
.)).......#....#......))......###
..#########....#########.......#.
.........#......#gg...).......)#g
..÷......'.)....@ggK.)).......)).
..÷......#.....g#g............)#K
..#########....#########.......#.
..+ #..).# +......### ..# #.)).#
#.....## # ###
######''################
≈≈≈≈.....≈≈≈≈≈≈≈≈≈≈≈≈≈≈≈
≈≈≈≈......≈≈≈≈≈≈≈≈≈≈≈≈≈≈ ≈≈≈≈
≈≈≈≈≈....≈≈≈≈≈≈≈≈≈≈≈≈≈≈≈


You could see 2 gnolls, 3 hobgoblins, a goblin and a kobold.

Vanquished Creatures
  A sky beast (D:3)
  2 gnolls (D:3)
  5 adders
  A worm (D:2)
  3 dart slugs
  5 ball pythons
  11 bats
  4 endoplasms
  3 giant cockroaches
  20 goblins
  20 hobgoblins
  2 quokkas (D:1)
  3 frilled lizards
  6 kobolds
  7 rats
93 creatures vanquished.

Notes
Turn   | Place    | Note
-------+----------+-------------------------------------------
     0 | D:1      | sammy202020 the Minotaur Berserker began the quest for the
                  | Orb.
     0 | D:1      | Reached XP level 1. HP: 19/19 MP: 0/0
   325 | D:1      | Reached XP level 2. HP: 11/27 MP: 1/1
  1358 | D:2      | Reached XP level 3. HP: 33/33 MP: 2/2
  1416 | D:2      | Reached ** piety under Trog
  1911 | D:2      | Reached XP level 4. HP: 36/40 MP: 3/3
  3104 | D:3      | Noticed a sky beast
  3122 | D:3      | Killed a sky beast
  3123 | D:3      | Reached XP level 5. HP: 47/47 MP: 4/4
  3540 | D:3      | Reached *** piety under Trog
  3792 | D:3      | Reached skill level 5 in Fighting
  3792 | D:3      | Reached skill level 5 in Maces & Flails
  3902 | D:3      | HP: 3/72 [gnoll/+0 whip (3)]
  3914 | D:3      | HP: 2/48 [gnoll/+0 spear (3)]
  3919 | D:3      | HP: 1/48 [gnoll/+0 spear (1)]
  3921 | D:3      | Slain by a gnoll

Illustrated notes

Levels and vault maps discovered:
D:1:      beargit_arrival_greenhouse, layout_basic
D:2:      layout_basic, serial_co_window_serial, co_window_of_opportunity_a,
          co_window_paths_a, co_window_paths_b, co_window_cross_1,
          co_window_corner_a, co_window_paths_b, co_window_corner_a,
          co_window_broadway_b, co_window_paths_c, co_window_broadway_c,
          co_window_paths_c, co_window_2corner, co_window_broadway_a,
          co_window_2corner, glass_columns_a, glass_columns_c, glass_columns_a,
          glass_columns_a, glass_columns_a, minmay_heptomino_o4
D:3:      minmay_goblin_kobold_castle, layout_basic

Skill      XL: |  1  2  3  4  5 |
---------------+----------------+-----
Maces & Flails | 4 5 |  5.1
Fighting       | 4 5 |  5.1
Armour         | 3 4 |  4.2
Dodging        | 3 |  3.9

Action                   |  1- 3 |  4- 6 || total
-------------------------+-------+-------++-------
Melee: Mace              |    93 |   118 ||   211
       Headbutt          |    11 |    14 ||    25
Invok: Berserk           |       |     2 ||     2
       Trog's Hand       |       |     1 ||     1
Armor: Chain mail        |    64 |   104 ||   168
Dodge: Dodged            |    37 |    75 ||   112

Table legend: (Time is in decaauts)
 A = Elapsed time spent in this place.
 B = Non-inter-level travel time spent in this place.
 C = Inter-level travel time spent in this place.
 D = Time resting spent in this place.
 E = Time spent auto-exploring this place.
 F = Levels seen in this place.
 G = Mean time per level.
                   A        B        C        D        E       F      G
               +--------+--------+--------+--------+--------+-----+--------+
         Total |   3964 |   3879 |     85 |      0 |   3138 |   3 | 1321.3 |
       Dungeon |   3964 |   3879 |     85 |      0 |   3138 |   3 | 1321.3 |
               +--------+--------+--------+--------+--------+-----+--------+

Top non-repeatable levels by time:
     D:2: 1625 daAuts
     D:1: 1283 daAuts
     D:3: 1056 daAuts
